 Dungeon Crawl Stone Soup version 0.30-a0-465-g8901f6c8b5 (webtiles) character file.

Game seed: 3680862085445831011

262 Sabo the Gusty (level 5, -1/39 HPs)
             Began as a Demigod Air Elementalist on Dec 17, 2022.
             Slain by a goblin
             ... wielding a +0 club
              (4 damage)
             ... on level 3 of the Dungeon.
             The game lasted 00:20:41 (3823 turns).

Sabo the Gusty (Demigod Air Elementalist)           Turns: 3823, Time: 00:20:42

Health: -1/39      AC:  2    Str:  9    XL:     5   Next: 64%
Magic:  11/12      EV: 12    Int: 21    God:
Gold:   128        SH:  0    Dex: 14    Spells: 9/10 levels left

rFire   + . .      SeeInvis .    k - staff of air
rCold   . . .      Faith    .    (no shield)
rNeg    . . .      Spirit   .    n - +0 robe
rPois   .          Reflect  .    (no helmet)
rElec   +          Harm     .    (no cloak)
rCorr   +          Rampage  .    (no gloves)
Will    .....                    (no boots)
Stlth   ++........               (no amulet)
HPRegen 0.26/turn                h - ring of protection from fire
MPRegen 0.13/turn                l - ring of resist corrosion

@: no status effects
A: high MP 1, forlorn, divine attributes
a: no special abilities


You were on level 3 of the Dungeon.
You visited 1 branch of the dungeon, and saw 4 of its levels.

You collected 178 gold pieces.
You spent 50 gold pieces at shops.

Inventory:

Hand Weapons
 c - a +2 dagger of freezing
 i - a +3 short sword
Missiles
 f - 2 poisoned darts (quivered)
 g - 4 boomerangs
 r - 2 atropa-tipped darts
Armour
 n - a +0 robe (worn)
Magical Staves
 k - a staff of air (weapon)
Jewellery
 h - a ring of protection from fire (left hand)
 l - a ring of resist corrosion (right hand)
Wands
 d - a wand of polymorph (14)
Scrolls
 e - a scroll of blinking
 m - a scroll of poison
 o - a scroll of teleportation
 q - a scroll of immolation {unknown}
Potions
 a - 4 potions of curing
 b - a potion of magic
 j - a potion of brilliance
 p - a potion of might {unknown}


   Skills:
 + Level 0.5 Fighting
 + Level 0.2 Short Blades
 + Level 0.2 Staves
 + Level 2.1 Dodging
 + Level 2.6 Stealth
 + Level 3.2 Spellcasting
 + Level 2.2 Conjurations
 + Level 3.9 Air Magic


You had 9 spell levels left.
You knew the following spells:

 Your Spells              Type           Power      Damage    Failure   Level
a - Shock                 Conj/Air       96%        1d9       3%          1

Your spell library contained the following spells:

 Spells                   Type           Power      Damage    Failure   Level
 Static Discharge         Conj/Air       48%        2-4/arc   5%          2
 Swiftness                Air            30%        N/A       8%          3
 Airstrike                Air            15%        2d(3-19)  26%         4


Dungeon Overview and Level Annotations

Branches:
Dungeon (4/15)
 Temple: D:4-7

Shops:
D:2 *


Innate Abilities, Weirdness & Mutations

You have an increased reservoir of magic. (+10% MP)
You shall have no god before yourself.
Your divine heritage dramatically boosts your attributes as you level up.


Message History

You miss the adder.
The adder is heavily wounded.
The adder completely misses you. The goblin hits you with a +0 club.
The kobold hits you with a +0 whip. The adder bites you but does no damage.
The goblin misses you. The kobold closely misses you.
You hit the adder.
The adder is heavily wounded.
The adder bites you. The goblin hits you with a +0 club.
The kobold hits you but does no damage.
You hit the adder but do no damage.
The adder is heavily wounded.
The adder bites you. The goblin closely misses you.
The kobold closely misses you. The adder bites you.
* * * LOW HITPOINT WARNING * * *
You closely miss the adder.
The adder is heavily wounded.
The goblin closely misses you. The kobold closely misses you.
The adder closely misses you.
You hit the adder. Your punch misses the adder.
The adder is severely wounded.
The adder misses you. The goblin hits you but does no damage.
The kobold hits you but does no damage. The adder closely misses you.
You hit the adder but do no damage.
The adder is severely wounded.
The goblin closely misses you. The kobold hits you with a +0 whip.
* * * LOW HITPOINT WARNING * * *
The adder bites you.
* * * LOW HITPOINT WARNING * * *
You feel better. The adder barely misses you. The goblin barely misses you.
The kobold hits you with a +0 whip.
* * * LOW HITPOINT WARNING * * *
Casting: Shock (safe; 3% risk of failure)
Confirm with . or Enter, or press ? or * to list all spells.
Aiming: Shock (safe; 3% risk of failure)
Press: ? - help, Shift-Dir - straight line, f - adder
Aim: an adder (severely wounded, 57% to hit)
You feel a surge of power!
The zap misses the adder.
The adder bites you.
* * * LOW HITPOINT WARNING * * *
The goblin hits you with a +0 club.
You die...

#.###......#.#######.......#
#.#....##..#.# #.......#
..#.#......#.# #..†....#
###.##.#...#.# #.......#
.<#....#.#...##### ##..#####
########.#.#.....###..##
#........#.#.........##
#.####.....#...g...### #.#
##'#####...S@..# #.# #...#
#...K...# ..###...#
#.......# ####....#
#.......# # #....# #.......#
####....# #.......#
........# #.......#
###.###.# ######### #
#.....#


You could see an adder, a goblin and a kobold.

Vanquished Creatures
  Sigmund (D:2)
  5 adders
  2 dart slugs (D:2)
  6 ball pythons
  An endoplasm (D:3)
  A giant cockroach (D:1)
  7 goblins
  4 hobgoblins
  4 kobolds (D:1)
  A quokka (D:1)
  5 bats
  2 frilled lizards (D:2)
  4 rats
43 creatures vanquished.

Notes
Turn   | Place    | Note
-------+----------+-------------------------------------------
     0 | D:1      | Sabo the Demigod Air Elementalist began the quest for the
                  | Orb.
     0 | D:1      | Reached XP level 1. HP: 14/14 MP: 5/5
    37 | D:1      | Reached skill level 1 in Conjurations
   500 | D:1      | Reached XP level 2. HP: 20/20 MP: 5/7
  1967 | D:2      | Reached XP level 3. HP: 13/26 MP: 6/8
  2171 | D:2      | Noticed Sigmund
  2180 | D:2      | Killed Sigmund
  2181 | D:2      | Reached XP level 4. HP: 19/33 MP: 1/11
  2181 | D:2      | Reached XP level 5. HP: 22/38 MP: 1/12
  2192 | D:2      | HP: 1/38 [goblin/+0 dagger (1)]
  2634 | D:2      | Found Coef's General Store.
  2645 | D:2      | Bought a scroll of identify for 20 gold pieces
  2645 | D:2      | Bought a potion of curing for 30 gold pieces
  3823 | D:3      | Slain by a goblin

Illustrated notes

Levels and vault maps discovered:
D:1:      saegor_arrival_simple_c, layout_basic
D:2:      layout_basic, serial_shops, nicolae_shop_statue_plus, uniq_sigmund
D:3:      layout_basic
D:4:      layout_rooms

Skill      XL: |  1  2  3 |
---------------+----------+-----
Conjurations   | 1 2 |  2.2
Dodging        | 2 |  2.1
Air Magic      | 3 |  3.9
Spellcasting   | 2 3 |  3.2
Stealth        | 2 |  2.6
Fighting       | |  0.5
Short Blades   | |  0.2
Staves         | |  0.2

Action                   |  1- 3 |  4- 6 || total
-------------------------+-------+-------++-------
Melee: Dagger            |     6 |       ||     6
       Staff             |     8 |    41 ||    49
       Short sword       |     6 |       ||     6
 Cast: Shock             |    54 |    23 ||    77
  Use: Scroll            |     2 |     2 ||     4
       Potion            |       |     1 ||     1
 Stab: Sleeping          |     1 |       ||     1
Armor: Robe              |     5 |    10 ||    15
Dodge: Dodged            |    17 |    38 ||    55

Table legend: (Time is in decaauts)
 A = Elapsed time spent in this place.
 B = Non-inter-level travel time spent in this place.
 C = Inter-level travel time spent in this place.
 D = Time resting spent in this place.
 E = Time spent auto-exploring this place.
 F = Levels seen in this place.
 G = Mean time per level.
                   A        B        C        D        E       F      G
               +--------+--------+--------+--------+--------+-----+--------+
         Total |   3829 |   3829 |      0 |   1080 |      0 |   4 |  957.2 |
       Dungeon |   3829 |   3829 |      0 |   1080 |      0 |   4 |  957.2 |
               +--------+--------+--------+--------+--------+-----+--------+

Top non-repeatable levels by time:
     D:1: 1709 daAuts
     D:2: 1202 daAuts
     D:3: 912 daAuts
     D:4: 5 daAuts
